[Event "International chess holiday K11"]
[Site "Praha"]
[Date "2012.07.15"]
[Round "2"]
[White "Hadžala, Daniel"]
[Black "Schunke, Oliver"]
[Result "1-0"]
[ECO "D31"]
[WhiteElo "2126"]
[BlackElo "1834"]
[Annotator ",Martin"]
[PlyCount "69"]
[TimeControl "240+2"]

1. d4 d5 2. c4 c6 3. Nf3 e6 4. g3 dxc4 5. Bg2 b5 6. a4 Bb7
7. Nc3 Bb4 8. O-O Bxc3 9. bxc3 a6 10. Ne5 Ne7 11. Ba3 Ng6 12. Qb1 Qc7 13. Rd1
Nd7 14. axb5 axb5 15. h4 Ngxe5 16. dxe5 Rxa3 17. Rxa3 O-O 18. f4 Nc5 19. Qb4
Nb3 20. Kh2 Qb6 21. Qe7 Qc5 22. Qxc5 Nxc5 23. Rd6 Rc8 24. Bxc6 g6 25. Bxb7 Nxb7
26. Rb6 Nc5 27. Rxb5 Ne4 28. Kg2 Rd8 29. Rb7 h5 30. Kf3 Nd2+ 31. Ke3 Nf1+ 32.
Kf2 Nd2 33. Rc7 Ne4+ 34. Kg2 Nd2 35. Raa7 1-0

[Event "International chess holiday K11"]
[Site "Praha"]
[Date "2012.07.15"]
[Round "2"]
[White "Bjerre, Tavs"]
[Black "Franìk, Jan"]
[Result "1/2-1/2"]
[ECO "A58"]
[WhiteElo "1990"]
[BlackElo "1965"]
[Annotator ",Martin"]
[PlyCount "54"]
[TimeControl "240+2"]

1. d4 Nf6 2. c4 c5 3. d5 b5 4. cxb5 a6 5. bxa6 g6 6. Nc3
Bxa6 7. g3 d6 8. Bg2 Bg7 9. Nf3 O-O 10. O-O Qb6 11. Rb1 Nbd7 12. b3 Rfb8 13.
Qc2 Qb7 14. Rd1 Nb6 15. Ne1 Ne8 16. Bb2 Nc7 17. e4 c4 18. Bf1 cxb3 19. axb3
Bxf1 20. Kxf1 Rc8 21. Qd2 Nd7 22. Na4 Qxb3 23. Bxg7 Qc4+ 24. Qd3 Rxa4 25. Bd4
Na6 26. f3 Nb4 27. Qxc4 Rxc4 1/2-1/2 neèitelné

[Event "International chess holiday K11"]
[Site "Praha"]
[Date "2012.07.16"]
[Round "3"]
[White "Vítek, Jan"]
[Black "Bjerre, Tavs"]
[Result "1/2-1/2"]
[ECO "B74"]
[WhiteElo "1970"]
[BlackElo "1990"]
[Annotator ",Martin"]
[PlyCount "46"]
[TimeControl "240+2"]

1. e4 c5 2. Nf3 d6 3. d4 cxd4 4. Nxd4 Nf6 5. Nc3 g6 6. Be2
Bg7 7. Be3 O-O 8. O-O Nc6 9. Nb3 Be6 10. f4 Qc8 11. h3 Rd8 12. Qe1 a5 13. a4
Nb4 14. Nd4 Bc4 15. Bxc4 Qxc4 16. Qf2 e5 17. fxe5 dxe5 18. Ndb5 Rd7 19. Rad1
Rxd1 20. Rxd1 Nxe4 21. Nxe4 Qxe4 22. Nd6 Qxc2 23. Qxf7+ Kh8 1/2-1/2

[Event "International chess holiday K11"]
[Site "Praha"]
[Date "2012.07.16"]
[Round "3"]
[White "Plesník, Miroslav"]
[Black "Forman, Miroslav"]
[Result "0-1"]
[ECO "D38"]
[WhiteElo "1907"]
[BlackElo "1919"]
[Annotator ",Martin"]
[PlyCount "90"]
[TimeControl "240+2"]

1. d4 Nf6 2. c4 e6 3. Nf3 d5 4. Nc3 Nbd7 5. Bg5 Bb4 6. e3
c5 7. cxd5 exd5 8. Bb5 Qa5 9. Bxd7+ Bxd7 10. O-O Bxc3 11. bxc3 Ne4 12. Qc2 O-O
13. Rfd1 Ba4 14. Qb2 Bxd1 15. Rxd1 cxd4 16. Rxd4 Qxc3 17. Qb1 f6 18. Bf4 Rfd8
19. h3 b6 20. Qb5 Qc1+ 21. Kh2 Qc5 22. Qe2 Rac8 23. Bg3 b5 24. Nd2 Nxg3 25.
Kxg3 a6 26. Qg4 Qd6+ 27. f4 Rc3 28. Kf2 Qe7 29. Qf3 Kh8 30. Nf1 Qc5 31. Qh5 g6
32. Qh4 Kg7 33. g4 h6 34. Qg3 Rc4 35. f5 Qc7 36. Qf3 Qe5 37. fxg6 Rxd4 38. exd4
Qxd4+ 39. Kg3 Qe5+ 40. Kf2 d4 41. h4 Re8 42. Qb7+ Kxg6 43. h5+ Kg5 44. Qg7+ Kh4
45. Qxh6 Qe2+ 0-1

[Event "International chess holiday K11"]
[Site "Praha"]
[Date "2012.07.16"]
[Round "3"]
[White "Ruell, Michael"]
[Black "Fitzke, Ulrich"]
[Result "0-1"]
[ECO "B76"]
[WhiteElo "1828"]
[BlackElo "2015"]
[Annotator ",Martin"]
[PlyCount "86"]
[TimeControl "240+2"]

1. e4 c5 2. Nf3 Nc6 3. d4 cxd4 4. Nxd4 d6 5. Nc3 Nf6 6.
Be2 g6 7. Be3 Bg7 8. f3 O-O 9. Qd2 Bd7 10. O-O-O a6 11. g4 Rc8 12. Nxc6 Rxc6
13. Bh6 Qa5 14. Kb1 Rfc8 15. Nd5 Qd8 16. Nb4 R6c7 17. c4 Be6 18. Bxg7 Kxg7 19.
e5 Ne8 20. Qd4 Kg8 21. b3 a5 22. Nc2 b5 23. Na3 bxc4 24. Nxc4 Bxc4 25. Bxc4 a4
26. Qf4 e6 27. exd6 Ra7 28. Qd4 Rd7 29. Bb5 Rxd6 30. Qg1 axb3 31. axb3 Nc7 32.
Rxd6 Qxd6 33. Bc4 Ra8 34. Qc1 Nd5 35. Bxd5 Qxd5 36. Qc3 Qd6 37. h4 Qa3 38. Qb2
Qb4 39. Rc1 Rb8 40. Rc3 Rd8 41. Qc2 Rd1+ 42. Kb2 Qd4 43. h5 Rd2 0-1

[Event "International chess holiday K11"]
[Site "Praha"]
[Date "2012.07.16"]
[Round "3"]
[White "Franìk, Jan"]
[Black "Hadžala, Daniel"]
[Result "1/2-1/2"]
[ECO "C06"]
[WhiteElo "1965"]
[BlackElo "2426"]
[Annotator ",Martin"]
[PlyCount "80"]
[TimeControl "240+2"]

1. e4 e6 2. d4 d5 3. Nd2 Nf6 4. e5 Nfd7 5. Bd3 c5 6. c3
Nc6 7. Ngf3 cxd4 8. cxd4 Nb6 9. O-O Bd7 10. a3 a5 11. b3 Be7 12. Qe2 O-O 13. h4
f5 14. exf6 Bxf6 15. Ng5 Bxg5 16. hxg5 Nxd4 17. Bxh7+ Kxh7 18. g6+ Kxg6 19.
Qg4+ Kh7 20. Qxd4 Qf6 21. Bb2 Qxd4 22. Bxd4 Ra6 23. Nf3 a4 24. Rab1 Nc8 25.
bxa4 Nd6 26. Bc5 Rc8 27. Bxd6 Rxd6 28. Rxb7 Bxa4 29. Re1 Kg6 30. Ne5+ Kh7 31.
Nf3 Rcc6 32. Ng5+ Kg6 33. Nf7 d4 34. Nxd6 Rxd6 35. Rb2 d3 36. Rd2 Bc2 37. f3
Kf6 38. Kf2 Ra6 39. Ra1 Ke5 40. Ke3 Kd5 1/2-1/2

[Event "International chess holiday K11"]
[Site "Praha"]
[Date "2012.07.17"]
[Round "4"]
[White "Bjerre, Tavs"]
[Black "Hadžala, Daniel"]
[Result "1/2-1/2"]
[ECO "A53"]
[WhiteElo "1990"]
[BlackElo "2126"]
[Annotator ",Martin"]
[PlyCount "26"]
[TimeControl "240+2"]

1. d4 Nf6 2. c4 d6 3. Nc3 Nbd7 4. e4 e5 5. Nge2 c6 6. f3
exd4 7. Nxd4 a5 8. Be3 Qc7 9. Qd2 Ne5 10. Rd1 Be7 11. Be2 O-O 12. O-O Re8 13.
Kh1 Bd7 1/2-1/2

[Event "International chess holiday K11"]
[Site "Praha"]
[Date "2012.07.17"]
[Round "4"]
[White "Vítek, Jan"]
[Black "Plesník, Miroslav"]
[Result "1/2-1/2"]
[ECO "C02"]
[WhiteElo "1970"]
[BlackElo "1907"]
[Annotator ",Martin"]
[PlyCount "49"]
[TimeControl "240+2"]

1. e4 e6 2. d4 d5 3. e5 c5 4. c3 Nc6 5. Nf3 Nge7 6. Bd3
Ng6 7. a3 Be7 8. b4 cxd4 9. cxd4 O-O 10. O-O a6 11. Nc3 b5 12. Be3 Bd7 13. Qd2
Qb6 14. Rfc1 f5 15. exf6 Bxf6 16. Bxg6 hxg6 17. Ne2 a5 18. Ne5 Be8 19. Nxc6
Bxc6 20. bxa5 Qa6 21. Nf4 Be8 22. Nd3 Qxa5 23. Qxa5 Rxa5 24. Nc5 Bf7 25. Nb7
1/2-1/2

[Event "International chess holiday K11"]
[Site "Praha"]
[Date "2012.07.17"]
[Round "4"]
[White "Fitzke, Ulrich"]
[Black "Schunke, Oliver"]
[Result "1-0"]
[ECO "D13"]
[WhiteElo "2015"]
[BlackElo "1834"]
[Annotator ",Martin"]
[PlyCount "69"]
[TimeControl "240+2"]

1. d4 d5 2. c4 c6 3. cxd5 cxd5 4. Nc3 Nc6 5. e3 Nf6 6. Nf3
Bg4 7. h3 Bxf3 8. Qxf3 e6 9. Bd3 Be7 10. O-O O-O 11. Bd2 a6 12. Rac1 Qd7 13.
Qd1 Rfc8 14. Na4 Qd8 15. Qb3 b5 16. Nc5 Nd7 17. Nxd7 Qxd7 18. Rc2 Rc7 19. Rfc1
Rac8 20. a4 Na7 21. Rxc7 Rxc7 22. Rxc7 Qxc7 23. axb5 Qb6 24. Qc2 axb5 25. Bxh7+
Kh8 26. Bd3 b4 27. Qa4 Nc6 28. Qa8+ Nb8 29. Qa4 Nc6 30. Bb5 Na5 31. Bxb4 Bd8
32. Bc5 Qb8 33. b4 Nb7 34. Bd3 g6 35. Qe8+ 1-0

[Event "International chess holiday K11"]
[Site "Praha"]
[Date "2012.07.17"]
[Round "4"]
[White "Forman, Miroslav"]
[Black "Ruell, Michael"]
[Result "0-1"]
[ECO "A00"]
[WhiteElo "1919"]
[BlackElo "1828"]
[Annotator ",Martin"]
[PlyCount "66"]
[TimeControl "240+2"]

1. Nc3 g6 2. h4 d5 3. h5 Nf6 4. h6 d4 5. Nb1 e5 6. d3 Be7
7. e4 Ng4 8. Be2 f5 9. Nd2 O-O 10. Ngf3 Nd7 11. a4 Ndf6 12. Ng5 Nd5 13. exd5
Bxg5 14. Bxg4 fxg4 15. Ne4 Bxc1 16. Rxc1 Qxd5 17. O-O Bf5 18. Re1 Rae8 19. c4
Qf7 20. Qd2 Bd7 21. g3 Bxa4 22. Ra1 Bc6 23. Rxa7 Ra8 24. Rxa8 Rxa8 25. Qg5 Rf8
26. Qxe5 Bxe4 27. Qg7+ Qxg7 28. hxg7 Kxg7 29. Rxe4 c5 30. Rxg4 Rf3 31. b4 cxb4
32. Rxd4 b3 33. Rd7+ Rf7 0-1

[Event "International chess holiday M11"]
[Site "Praha"]
[Date "2012.07.17"]
[Round "5"]
[White "Zellner, Richard"]
[Black "Gregor, Jiøí"]
[Result "1/2-1/2"]
[ECO "B19"]
[WhiteElo "2099"]
[BlackElo "2265"]
[Annotator ",Martin"]
[PlyCount "79"]
[TimeControl "240+2"]

1. e4 c6 2. d4 d5 3. Nc3 dxe4 4. Nxe4 Bf5 5. Ng3 Bg6 6. h4
h6 7. h5 Bh7 8. Nf3 Nd7 9. Bd3 Bxd3 10. Qxd3 Ngf6 11. Bd2 e6 12. Ne4 Qc7 13.
O-O-O O-O-O 14. Nxf6 Nxf6 15. g3 c5 16. Qb5 cxd4 17. Bf4 Qc5 18. Qa4 Ng4 19.
Rxd4 Rxd4 20. Nxd4 Be7 21. f3 Nf2 22. Nb3 Qd5 23. Rf1 Rd8 24. Qd4 Qxd4 25. Nxd4
Nd3+ 26. cxd3 Rxd4 27. Kd2 Ra4 28. Rc1+ Kd8 29. a3 Bg5 30. Bxg5+ hxg5 31. Rc5
f6 32. Ke3 Kd7 33. Rc4 Ra5 34. d4 b6 35. g4 Rb5 36. b4 a5 37. Ke4 f5+ 38. Ke3
Ke7 39. Kd3 Kf6 40. Kc3 1/2-1/2

[Event "International chess holiday M11"]
[Site "Praha"]
[Date "2012.07.17"]
[Round "5"]
[White "Beckmann, Klaus"]
[Black "Reichmann, Steffen"]
[Result "1-0"]
[ECO "B07"]
[WhiteElo "2040"]
[BlackElo "1954"]
[Annotator ",Martin"]
[PlyCount "67"]
[TimeControl "240+2"]

1. e4 d6 2. d4 Nf6 3. Nc3 g6 4. Bg5 Bg7 5. f4 h6 6. Bh4
O-O 7. Qd2 c6 8. O-O-O b5 9. e5 b4 10. exf6 bxc3 11. Qxc3 exf6 12. Bd3 Qb6 13.
f5 g5 14. Bf2 Na6 15. a3 Rb8 16. Ne2 Nc7 17. Qb4 Qxb4 18. axb4 Rxb4 19. g4 Bd7
20. Bg3 Ne8 21. c3 Rb7 22. Rhe1 d5 23. b4 Nc7 24. Kd2 Ra8 25. Ra1 Bf8 26. Nc1
Nb5 27. Nb3 Bd6 28. Nc5 Rc7 29. Re7 Rd8 30. Ra6 Kf8 31. Rxd7 Rcxd7 32. Nxd7+
Rxd7 33. Rxc6 Ke7 34. Bxb5 1-0

[Event "International chess holiday M11"]
[Site "Praha"]
[Date "2012.07.17"]
[Round "5"]
[White "Hába, Zdenìk"]
[Black "Žák, Zbynìk"]
[Result "1/2-1/2"]
[ECO "B14"]
[WhiteElo "2209"]
[BlackElo "2030"]
[Annotator ",Martin"]
[PlyCount "50"]
[TimeControl "240+2"]

1. e4 d5 2. exd5 Nf6 3. c4 c6 4. d4 cxd5 5. Nc3 e6 6. Nf3
Bb4 7. a3 Bxc3+ 8. bxc3 O-O 9. Bg5 Nbd7 10. Qc2 Qa5 11. Bd3 dxc4 12. Bxc4 b5
13. Be2 Bb7 14. O-O Rac8 15. Rfc1 Ne4 16. Bd2 Nxd2 17. Nxd2 Bd5 18. Qb2 Rb8 19.
Qb4 Qc7 20. Rab1 a6 21. a4 bxa4 22. Qxa4 Rxb1 23. Nxb1 Nf6 24. c4 Bb7 25. Qb3
Rb8 1/2-1/2

[Event "International chess holiday M11"]
[Site "Praha"]
[Date "2012.07.17"]
[Round "5"]
[White "Thomasson, Staffan"]
[Black "Manigk, Sebastian"]
[Result "0-1"]
[ECO "A01"]
[WhiteElo "1931"]
[BlackElo "2175"]
[Annotator ",Martin"]
[PlyCount "64"]
[TimeControl "240+2"]

1. c4 f5 2. b3 e5 3. Bb2 Nc6 4. e3 Nf6 5. d4 Bb4+ 6. Nd2
d6 7. a3 Bxd2+ 8. Qxd2 Qe7 9. d5 Nd8 10. Nf3 O-O 11. Be2 Nf7 12. O-O g5 13. Qc2
f4 14. Nd2 Nh6 15. Bd3 Rf7 16. Ne4 Rg7 17. c5 Nhg4 18. cxd6 cxd6 19. h3 Nxe4
20. hxg4 Nf6 21. exf4 gxf4 22. f3 h5 23. Rac1 hxg4 24. Bf5 Bxf5 25. Qxf5 Rf8
26. Qd3 Qf7 27. Kf2 Nxd5 28. Rg1 Rd8 29. Qb5 Ne3 30. Qa5 b6 31. Qa4 Qd5 32. Bc3
Qd3 0-1

[Event "International chess holiday K11"]
[Site "Praha"]
[Date "2012.07.17"]
[Round "5"]
[White "Plesník, Miroslav"]
[Black "Bjerre, Tavs"]
[Result "1/2-1/2"]
[ECO "E76"]
[WhiteElo "1907"]
[BlackElo "1990"]
[Annotator ",Martin"]
[PlyCount "21"]
[TimeControl "240+2"]

1. d4 Nf6 2. c4 g6 3. Nc3 Bg7 4. e4 d6 5. f4 O-O 6. Nf3 c5
7. e5 dxe5 8. dxe5 Qxd1+ 9. Nxd1 Ne8 10. b3 Nc6 11. Bd3 1/2-1/2

[Event "International chess holiday K11"]
[Site "Praha"]
[Date "2012.07.17"]
[Round "5"]
[White "Schunke, Oliver"]
[Black "Forman, Miroslav"]
[Result "1-0"]
[ECO "A10"]
[WhiteElo "1834"]
[BlackElo "1919"]
[Annotator ",Martin"]
[PlyCount "27"]
[TimeControl "240+2"]

1. c4 b5 2. cxb5 a6 3. bxa6 Bxa6 4. Nf3 Nc6 5. g3 e5 6. d3
d5 7. Bg2 f5 8. O-O Be7 9. Nc3 Nf6 10. Bg5 d4 11. Bxf6 Bxf6 12. Na4 O-O 13. Rc1
Bb5 14. Qb3+ 1-0

[Event "International chess holiday K11"]
[Site "Praha"]
[Date "2012.07.17"]
[Round "5"]
[White "Franìk, Jan"]
[Black "Fitzke, Ulrich"]
[Result "1-0"]
[ECO "B77"]
[WhiteElo "1965"]
[BlackElo "2015"]
[Annotator ",Martin"]
[PlyCount "59"]
[TimeControl "240+2"]

1. e4 c5 2. Nf3 Nc6 3. d4 cxd4 4. Nxd4 d6 5. Nc3 Nf6 6. f3
g6 7. Be3 Bg7 8. Qd2 O-O 9. Bc4 Na5 10. Bb3 b6 11. O-O-O Bb7 12. h4 Nxb3+ 13.
axb3 h5 14. g4 Rc8 15. Bh6 a6 16. Bxg7 Kxg7 17. gxh5 Nxh5 18. Nf5+ Kg8 19. Qg5
Re8 20. Rhg1 Ng7 21. Qh6 Nxf5 22. exf5 e5 23. fxg6 Qf6 24.
gxf7+ Kxf7 25. Qh7+ Ke6 26. Rg6 Bxf3 27. Rxd6+ Kxd6 28. Rxf6+ Re6 29. Rxf3 Rce8
30. Rd3+ 1-0

[Event "International chess holiday K11"]
[Site "Praha"]
[Date "2012.07.17"]
[Round "5"]
[White "Ruell, Michael"]
[Black "Vítek, Jan"]
[Result "0-1"]
[ECO "C00"]
[WhiteElo "1828"]
[BlackElo "1970"]
[Annotator ",Martin"]
[PlyCount "60"]
[TimeControl "240+2"]

1. e4 e6 2. d3 d5 3. Nd2 Nf6 4. Ngf3 c5 5. g3 Nc6 6. Bg2
Be7 7. O-O Nd7 8. Re1 O-O 9. Nf1 d4 10. a4 a5 11. N1d2 Nb6 12. e5 f6 13. exf6
Bxf6 14. Ne4 Nd7 15. Nfg5 Qe7 16. Bf4 e5 17. Nxh7 Kxh7 18. Qh5+ Kg8 19. Ng5
Bxg5 20. Bd5+ Rf7 21. Bxg5 Nf6 22. Bxf6 Qxf6 23. Bxf7+ Qxf7 24. Qh4 Be6 25. f4
exf4 26. Re4 Bd5 27. Rxf4 Qe6 28. g4 Qe3+ 29. Qf2 Re8 30. Kf1 Ne5 neèitelné 0-1

[Event "International chess holiday M11"]
[Site "Praha"]
[Date "2012.07.18"]
[Round "6"]
[White "Gregor, Jiøí"]
[Black "Krtouš, Zdenìk"]
[Result "1-0"]
[ECO "A80"]
[WhiteElo "2281"]
[BlackElo "2025"]
[Annotator ",Martin"]
[PlyCount "37"]
[TimeControl "240+2"]

1. d4 f5 2. Nc3 Nf6 3. f3 d5 4. Bg5 g6 5. e4 fxe4 6. fxe4
Bg7 7. e5 Ng4 8. h3 Nh6 9. Nf3 O-O 10. Bd3 c5 11. dxc5 Nc6 12. Qe2 Nf5 13. Bxf5
Rxf5 14. g4 Rxg5 15. Nxg5 Bxe5 16. O-O Bd4+ 17. Kg2 e5 18. Qf3 Qe7 19. Nxd5 1-0

[Event "International chess holiday M11"]
[Site "Praha"]
[Date "2012.07.18"]
[Round "6"]
[White "Zellner, Richard"]
[Black "Hába, Zdenìk"]
[Result "0-1"]
[ECO "B51"]
[WhiteElo "2161"]
[BlackElo "2208"]
[Annotator ",Martin"]
[PlyCount "62"]
[TimeControl "240+2"]

1. e4 c5 2. Nf3 d6 3. Bb5+ Nd7 4. d4 cxd4 5. Qxd4 a6 6.
Bxd7+ Bxd7 7. Nc3 Nf6 8. Bg5 h6 9. Bxf6 gxf6 10. O-O-O Rg8 11. Nh4 Qa5 12. Nd5
Rc8 13. Nf5 Bxf5 14. exf5 Qc5 15. Qa4+ Kd8 16. Ne3 h5 17. Rd5 Qc6 18. Qe4 Bh6
19. f4 Bf8 20. Rhd1 Kc7 21. R1d3 Kb8 22. Rc3 Qd7 23. Nc4 Rc6 24. Rb3 e6 25.
fxe6 fxe6 26. Rxh5 d5 27. Rh7 Rg7 28. Ne5 fxe5 29. Qxe5+ Ka7 30. Qd4+ b6 31.
Rxg7 Bxg7 0-1

[Event "International chess holiday M11"]
[Site "Praha"]
[Date "2012.07.18"]
[Round "6"]
[White "Manigk, Sebastian"]
[Black "Šimeèek, Bohumil"]
[Result "1/2-1/2"]
[ECO "D12"]
[WhiteElo "2237"]
[BlackElo "2129"]
[Annotator ",Martin"]
[PlyCount "75"]
[TimeControl "240+2"]

1. d4 d5 2. c4 c6 3. Nf3 Nf6 4. e3 Bf5 5. Nc3 e6 6. Nh4
Bg6 7. Qb3 Qb6 8. Nxg6 hxg6 9. g3 Nbd7 10. Bg2 Be7 11. Qxb6 axb6 12. cxd5 exd5
13. Bd2 b5 14. O-O Nb6 15. b3 b4 16. Ne2 Ne4 17. Be1 Ra6 18. f3 Nf6 19. Nc1 Kd7
20. Bf2 Rha8 21. Bh3+ Kd8 22. Rd1 Nc8 23. Rb1 Nd6 24. Bf1 Ra3 25. Rb2 R8a5 26.
Rc2 Nb5 27. Be1 Ne8 28. Bxb5 Rxb5 29. Nd3 Nc7 30. Rdd2 Ra8 31. Re2 Bd6 32. Kf2
Kd7 33. Kg2 Ne6 34. g4 f6 35. h3 Rc8 36. f4 b6 37. Kf3 c5 38. dxc5 1/2-1/2

[Event "International chess holiday M11"]
[Site "Praha"]
[Date "2012.07.18"]
[Round "6"]
[White "Reichmann, Steffen"]
[Black "Thomasson, Staffan"]
[Result "1-0"]
[ECO "B06"]
[WhiteElo "1954"]
[BlackElo "1931"]
[Annotator ",Martin"]
[PlyCount "114"]
[TimeControl "240+2"]

1. e4 g6 2. h4 d5 3. exd5 Nf6 4. Bb5+ Nbd7 5. Nc3 Bg7 6.
Nf3 a6 7. Ba4 b5 8. Bb3 Bb7 9. d3 Nc5 10. Be3 Nxb3 11. axb3 Nxd5 12. Nxd5 Bxd5
13. c3 Qd6 14. O-O O-O 15. d4 a5 16. Nd2 Rfd8 17. Qc2 Bb7 18. f3 e5 19. Bg5 f6
20. Be3 f5 21. dxe5 Bxe5 22. Rfd1 Qe6 23. Bg5 Qb6+ 24. Kh1 Qf2 25. Rac1 Rd6 26.
Re1 Bf6 27. Ne4 Qxc2 28. Nxf6+ Rxf6 29. Rxc2 Rf7 30. Bh6 a4 31. bxa4 bxa4 32.
Rce2 Rd7 33. Re7 Rad8 34. Kh2 Bc6 35. Bf4 Rxe7 36. Rxe7 Rd7 37. Rxd7 Bxd7 38.
Bxc7 Be6 39. Kg3 Kf7 40. Kf4 Kg8 41. Ke5 Bb3 42. Kd4 Kf7 43. c4 Ke6 44. Be5 Ba2
45. Bg7 Bb3 46. Bf8 Ba2 47. c5 Bd5 48. Ke3 Bc6 49. Kf4 Bb5 50. Kg5 Kf7 51. Bd6
Bc6 52. h5 Bb5 53. Kh6 gxh5 54. Kxh7 Ke6 55. Bg3 Be8 56. Kh6 Kd5 57. Bf2 Ke6
1-0

[Event "International chess holiday K11"]
[Site "Praha"]
[Date "2012.07.18"]
[Round "6"]
[White "Plesník, Miroslav"]
[Black "Ruell, Michael"]
[Result "1/2-1/2"]
[ECO "E60"]
[WhiteElo "1907"]
[BlackElo "1828"]
[Annotator ",Martin"]
[PlyCount "39"]
[TimeControl "240+2"]

1. d4 Nf6 2. c4 g6 3. f3 Bg7 4. e4 d6 5. Bd3 c5 6. d5 Nbd7
7. Ne2 Ne5 8. Nbc3 Nh5 9. O-O O-O 10. h3 a6 11. Be3 Bd7 12. a4 f5 13. exf5 Nxd3
14. Qxd3 Bxf5 15. Qd2 Bd7 16. Bh6 b6 17. Bxg7 Nxg7 18. Rfe1 Rb8 19. Ng3 Ne8 20.
Qd3 1/2-1/2

[Event "International chess holiday K11"]
[Site "Praha"]
[Date "2012.07.18"]
[Round "6"]
[White "Forman, Miroslav"]
[Black "Franìk, Jan"]
[Result "0-1"]
[ECO "B21"]
[WhiteElo "1919"]
[BlackElo "1965"]
[Annotator ",Martin"]
[PlyCount "81"]
[TimeControl "240+2"]

1. d4 c5 2. e4 cxd4 3. Nf3 d6 4. c3 dxc3 5. Nxc3 Nc6 6.
Bc4 Nf6 7. O-O e6 8. Bf4 Be7 9. Qd2 O-O 10. Rfd1 e5 11. Bg5 Bg4 12. Bxf6 Bxf6
13. Qxd6 Nd4 14. Qxd8 Rfxd8 15. Be2 Be6 16. Nxd4 exd4 17. Nb5 Be5 18. Bd3 a6
19. Na3 Rac8 20. Nc2 Rc5 21. g3 g5 22. Kf1 Rdc8 23. Ne1 b5 24. Ke2 a5 25. Kd2
Bd6 26. Nc2 Be5 27. f3 h5 28. Rf1 Bc4 29. Ne1 Bxd3 30. Kxd3 a4 31. a3 Rc4 32.
Rf2 h4 33. f4 gxf4 34. gxf4 Bf6 35. Nf3 b4 36. axb4 Rxb4 37. e5 Be7 38. Rc2
Rb3+ 39. Kd2 Rxc2+ 40. Kxc2 Rxf3 41. Rxa4 neèitelné 0-1

[Event "International chess holiday K11"]
[Site "Praha"]
[Date "2012.07.18"]
[Round "6"]
[White "Vítek, Jan"]
[Black "Schunke, Oliver"]
[Result "1/2-1/2"]
[ECO "C41"]
[WhiteElo "1970"]
[BlackElo "1834"]
[Annotator ",Martin"]
[PlyCount "47"]
[TimeControl "240+2"]

1. e4 e5 2. Nf3 d6 3. Bc4 Be7 4. c3 Nf6 5. d3 O-O 6. Bb3
h6 7. Nbd2 c6 8. Nf1 Qc7 9. Ng3 Nbd7 10. O-O a5 11. Re1 b5 12. Nf5 Nc5 13.
Nxe7+ Qxe7 14. Bc2 Bg4 15. h3 Bh5 16. Qe2 Rfd8 17. g4 Bg6 18. Nh4 Bh7 19. Nf5
Bxf5 20. gxf5 Kh7 21. Kh2 Rg8 22. Rg1 Ncd7 23. Be3 Nc5 24. f4 neèitelné 1/2-1/2

[Event "International chess holiday K11"]
[Site "Praha"]
[Date "2012.07.18"]
[Round "6"]
[White "Fitzke, Ulrich"]
[Black "Hadžala, Daniel"]
[Result "1/2-1/2"]
[ECO "E61"]
[WhiteElo "2015"]
[BlackElo "2126"]
[Annotator ",Martin"]
[PlyCount "100"]
[TimeControl "240+2"]

1. d4 Nf6 2. c4 g6 3. Nc3 Bg7 4. Nf3 d6 5. e3 O-O 6. Bd3
Nbd7 7. O-O e5 8. Bd2 Re8 9. Qc2 c6 10. Rad1 h6 11. b4 Qe7 12. dxe5 dxe5 13.
Be2 a5 14. b5 Nc5 15. e4 Bg4 16. Bc1 Bxf3 17. Bxf3 Ne6 18. Ne2 Red8 19. Qc3 Qc7
20. Bb2 Nd7 21. Bg4 Ndc5 22. Bxe6 Nxe6 23. a4 Nd4 24. Qe3 Qd6 25. g3 Qb4 26.
Bxd4 exd4 27. Nxd4 Qxc4 28. e5 Rd5 29. bxc6 bxc6 30. Nf3 Re8 31. Rfe1 Qxa4 32.
Rxd5 cxd5 33. Qc5 Qb3 34. Kg2 a4 35. Qc6 Rf8 36. Re3 Qc4 37. Qd7 d4 38. Qxd4
Qxd4 39. Nxd4 Ra8 40. Nc2 Bf8 41. Na3 Rb8 42. Rc3 Rb3 43. Rxb3 axb3 44. Nb1 Bc5
45. f4 f6 46. exf6 Kf7 47. Kf3 Kxf6 48. g4 h5 49. h3 hxg4+ 50. hxg4 Bb4 1/2-1/2

[Event "International chess holiday M11"]
[Site "Praha"]
[Date "2012.07.19"]
[Round "7"]
[White "Hába, Zdenìk"]
[Black "Gregor, Jiøí"]
[Result "1/2-1/2"]
[ECO "A07"]
[WhiteElo "2209"]
[BlackElo "2265"]
[Annotator ",Martin"]
[PlyCount "21"]
[TimeControl "240+2"]

1. Nf3 Nf6 2. g3 d5 3. Bg2 e6 4. O-O b5 5. d3 Nbd7 6. Nbd2
Be7 7. b3 a5 8. a4 b4 9. Bb2 Ba6 10. Re1 c6 11. e4 1/2-1/2

[Event "International chess holiday M11"]
[Site "Praha"]
[Date "2012.07.19"]
[Round "7"]
[White "Beckmann, Klaus"]
[Black "Zellner, Richard"]
[Result "1-0"]
[ECO "C68"]
[WhiteElo "2040"]
[BlackElo "2099"]
[Annotator ",Martin"]
[PlyCount "45"]
[TimeControl "240+2"]

1. e4 e5 2. Nf3 Nc6 3. Bb5 a6 4. Bxc6 dxc6 5. O-O f6 6. d4
Bd6 7. dxe5 fxe5 8. Nxe5 Qh4 9. Nf3 Qh5 10. e5 Bc5 11. Re1 Bg4 12. Be3 Bxf3 13.
Qxf3 Qxf3 14. gxf3 Bxe3 15. fxe3 O-O-O 16. Nc3 Rd2 17. Re2 Rxe2 18. Nxe2 Ne7
19. Rd1 Rf8 20. f4 Nd5 21. Kf2 b5 22. Kf3 g6 23. Nc3 1-0

[Event "International chess holiday M11"]
[Site "Praha"]
[Date "2012.07.19"]
[Round "7"]
[White "Šimeèek, Bohumil"]
[Black "Reichmann, Steffen"]
[Result "0-1"]
[ECO "A52"]
[WhiteElo "2129"]
[BlackElo "1954"]
[Annotator ",Martin"]
[PlyCount "58"]
[TimeControl "240+2"]

1. d4 Nf6 2. c4 e5 3. dxe5 Ng4 4. Bf4 Nc6 5. Nf3 Bb4+ 6.
Nbd2 Qe7 7. a3 Ngxe5 8. Nxe5 Nxe5 9. e3 Bxd2+ 10. Qxd2 O-O 11. Be2 d6 12. O-O
b6 13. Qc3 Bb7 14. b4 Qf6 15. Rac1 Qg6 16. f3 Nd7 17. Bd3 f5 18. g4 h5 19. h3
Rae8 20. Kh2 hxg4 21. fxg4 Ne5 22. Bxe5 Rxe5 23. Qc2 Rxe3 24. Bxf5 Qe8 25. Bh7+
Kh8 26. Rxf8+ Qxf8 27. Qf5 Re2+ 28. Kg1 Qe7 29. Qd3 Qe5 0-1

[Event "International chess holiday M11"]
[Site "Praha"]
[Date "2012.07.19"]
[Round "7"]
[White "Thomasson, Staffan"]
[Black "Žák, Zbynìk"]
[Result "0-1"]
[ECO "A10"]
[WhiteElo "1931"]
[BlackElo "2030"]
[Annotator ",Martin"]
[PlyCount "74"]
[TimeControl "240+2"]

1. Nf3 f5 2. b3 Nf6 3. Bb2 e6 4. c4 b6 5. e3 Bb7 6. Be2 d6
7. d4 Ne4 8. O-O Be7 9. Nc3 Nd7 10. d5 Nxc3 11. Bxc3 e5 12. Qc2 O-O 13. b4 Nf6 14. Rad1 Ne4 15. Bb2 a5 16. a3 Bc8 17. Nd2 Qe8 18. f4 axb4
19. axb4 Nxd2 20. Qxd2 Bf6 21. Ra1 Rxa1 22. Rxa1 exf4 23. Bxf6 fxe3 24. Qd4
Rxf6 25. Ra8 Rf8 26. c5 bxc5 27. bxc5 dxc5 28. Qxc5 Qe5 29. Bc4 Qd6 30. Qxe3
Bd7 31. Ra6 Qb4 32. Qe2 Re8 33. d6+ Kf8 34. Be6 Rxe6 35. Ra8+ Kf7 36. Qh5+ Rg6
37. Qe2 Qc5+ 0-1

[Event "International chess holiday M11"]
[Site "Praha"]
[Date "2012.07.19"]
[Round "7"]
[White "Krtouš, Zdenìk"]
[Black "Manigk, Sebastian"]
[Result "1/2-1/2"]
[ECO "B47"]
[WhiteElo "2025"]
[BlackElo "2175"]
[Annotator ",Martin"]
[PlyCount "91"]
[TimeControl "240+2"]

1. e4 c5 2. Nf3 e6 3. d4 cxd4 4. Nxd4 Nc6 5. Nc3 Qc7 6. f4
a6 7. Nf3 Bb4 8. Bd3 Nf6 9. O-O b5 10. Kh1 Bb7 11. e5 Bxc3 12. bxc3 Nd5 13. Bd2
Na5 14. Ng5 f5 15. exf6 Nxf6 16. Be3 Ke7 17. Qe2 h6 18. Nf3 g5 19. Ne5 Rag8 20.
Ng6+ Rxg6 21. Bxg6 Rg8 22. fxg5 hxg5 23. Rxf6 Kxf6 24. Bd3 Ke7 25. Rf1 Nc4 26.
Bd4 Kd8 27. Qf2 Kc8 28. Qf8+ Rxf8 29. Rxf8+ Qd8 30. Rxd8+ Kxd8 31. Bf6+ Ke8 32.
Bxg5 Ne5 33. Be2 Bd5 34. a3 Be4 35. h4 Bxc2 36. h5 Bf5 37. h6 Kf8 38. Bf4 Ng6
39. Bd6+ Kg8 40. Bf3 Kh7 41. Bb7 a5 42. Bc8 e5 43. Ba6 Bd3 44. Bc8 Kxh6 45.
Bxd7 e4 46. Bf5 1/2-1/2